 Dungeon Crawl Stone Soup version 0.16.1-11-g651b585 (webtiles) character file.

4223 Magnus the Arsonist (level 10, -6/63 HPs)
             Began as a Mummy Fire Elementalist on Apr 5, 2015.
             Was a Believer of Sif Muna.
             Mangled by an orc warrior
             ... wielding a +2 glaive of flaming
              (9 damage)
             ... on level 9 of the Dungeon.
             The game lasted 01:27:22 (13532 turns).

Magnus the Arsonist (Mummy Fire Elementalist)      Turns: 13532, Time: 01:27:27

Health: -6/63      AC:  4    Str: 11    XL:     10   Next: 9%
Magic:  49/52      EV: 12    Int: 17    God:    Sif Muna [**....]
Gold:   86         SH:  0    Dex: 12    Spells: 5 memorised, 9 levels left

rFire  x . .     SeeInvis .     k - staff of power
rCold  + . .     Clarity  .     a - +0 robe
rNeg   + + +     SustAb   .     (no shield)
rPois  ∞         Gourm    .     r - +0 helmet
rElec  .         Spirit   .     h - +0 cloak
rCorr  .         Warding  .     (no gloves)
rMut   .         Stasis   .     (no boots)
MR     +....                    (no amulet)
Stlth  ++........               (no ring)
                                g - ring of magical power

@: very slightly contaminated, somewhat resistant to hostile enchantments,
unstealthy
A: no food or potions, fire vulnerability, restore body, cold resistance 1,
negative energy resistance 3, poison resistance, torment resistance, unbreathing
a: Channel Energy, Forget Spell, Renounce Religion


You were on level 9 of the Dungeon.
You worshipped Sif Muna.
Sif Muna was pleased with you.
You were not hungry.

You visited 2 branches of the dungeon, and saw 10 of its levels.
You also visited: Ossuary.

You collected 416 gold pieces.
You spent 330 gold pieces at shops.

Inventory:

Hand weapons
 d - a +2 dagger of flaming
 e - a +3 vampiric short sword
Armour
 a - a +0 robe (worn)
 h - a +0 cloak (worn)
 r - a +0 helmet (worn)
Magical staves
 k - an uncursed staff of power (weapon)
Jewellery
 c - a cursed ring of protection from cold
 g - a ring of magical power (left hand)
 l - an uncursed ring of teleportation
Magical devices
 i - a wand of enslavement (9)
Scrolls
 f - a scroll of enchant weapon
 j - a scroll of amnesia
 m - 5 scrolls of remove curse
 p - 4 scrolls of identify
 s - a scroll of teleportation
Books
 b - a book of Flames

   Spells                             Type                      Level
   a - Flame Tongue                   Conjuration/Fire             1
   b - Throw Flame                    Conjuration/Fire             2
   c - Conjure Flame                  Conjuration/Fire             3
   d - Inner Flame                    Hexes/Fire                   3
   e - Sticky Flame                   Conjuration/Fire             4
   f - Fireball                       Conjuration/Fire             5
 n - a book of Callings

   Spells                             Type                      Level
   a - Summon Small Mammal            Summoning                    1
   b - Call Imp                       Summoning                    2
   c - Call Canine Familiar           Summoning                    3
   d - Summon Guardian Golem          Hexes/Summoning              4
   e - Summon Lightning Spire         Summoning/Air                4
   f - Summon Ice Beast               Ice/Summoning                4
 o - an Akashic Record {highlevel, unknown}

   This book is beyond your current level of understanding.

   Spells                             Type                      Level
   a - Dispersal                      Translocation                6
   b - Controlled Blink               Translocation                7
   c - Malign Gateway                 Summoning/Translocation      7
   d - Disjunction                    Translocation                8
   e - Singularity                    Translocation                9
 q - a book of the Tempests

   Spells                             Type                      Level
   a - Static Discharge               Conjuration/Air              3
   b - Lightning Bolt                 Conjuration/Air              5
   c - Fireball                       Conjuration/Fire             5
   d - Tornado                        Air                          9
   e - Shatter                        Earth                        9


   Skills:
 - Level 1.5 Dodging
 - Level 1.5 Stealth
 + Level 8.4 Spellcasting
 - Level 0.7 Conjurations
 * Level 10.1 Fire Magic


You had 9 spell levels left.
You knew the following spells:

 Your Spells              Type           Power        Failure   Level  Hunger
a - Flame Tongue          Conj/Fire      ####.        1%          1    N/A
b - Conjure Flame         Conj/Fire      ####....     3%          3    N/A
c - Sticky Flame          Conj/Fire      ####....     12%         4    N/A
d - Fireball              Conj/Fire      ####......   30%         5    N/A
e - Call Canine Familiar  Summ           #.......     30%         3    N/A

Dungeon Overview and Level Annotations

Branches:
Dungeon (9/15)             Temple (1/1) D:7
   Lair: D:8-11         Orc: D:9-12

Altars:
Ashenzari
Cheibriados
Dithmenos
Elyvilon
Fedhas
Gozag
Kikubaaqudgha
Makhleb
Nemelex Xobeh
Okawaru
Qazlal
Ru
Sif Muna
Trog
Vehumet
Xom
Yredelemnul
Zin
The Shining One

Shops:
D:7 :


Innate Abilities, Weirdness & Mutations

You do not eat or drink.
Your flesh is vulnerable to fire.
Your flesh is cold resistant.
You are immune to negative energy.
Your system is resistant to poisons.
You are immune to unholy pain and torment.
You can survive without breathing.


Message History

a flail; a leather armour; an orange potion; an orc corpse The orc shouts!
There is an open door here.
The orc warrior hits you from afar with a glaive of flaming!!
The orc warrior burns you!
An orc comes into view. It is wielding a dagger.
There is an open door here.
Items here: ! ) [ † a flail; a leather armour; an orange potion; an orc corpse
Casting: Flame Tongue
Confirm with . or Enter, or press ? or * to list all spells.
Aiming: Conjure Flame
Press: ? - help, Dir - move target cursor You miscast Conjure Flame.
You are very lightly contaminated with residual magic.
The air around you crackles with energy!
The orc warrior hits you from afar with a glaive of flaming!!
* * * LOW HITPOINT WARNING * * *
The orc warrior burns you!
You die...

...........................
.≈.........)......(........
≈..#+#...#'#...<...........#
+...'.##+###'######...#.
#...#'##.+ ....' ..'o
###....#.# ... ...# #....#.#
#'# ###...#'#
#....#.####.###.........
+....'...@.oo)'.........
#....#'######'#.........
#................####'#
#................#.# .
#................'.' +.8
#........#'#.....#.# +..'o
#......).#.#...###.##.#.8o
##'####'##+#.>.#......o.#
##.......##.#...#........#


You could see an orc warrior and an orc.

Vanquished Creatures
  Psyche (D:8)
  A troll (D:8)
  A wyvern (D:8)
  2 hungry ghosts
  A soldier ant (D:9)
  A water moccasin (D:7)
  3 ice beasts
  2 black bears
  5 ogres
  2 orc warriors (D:9)
  Sigmund (D:6)
  4 giant frogs
  A gnoll sergeant (D:6)
  3 water moccasin zombies
  3 wights (D:6)
  2 goliath beetles
  A crimson imp (D:7)
  A jelly (D:7)
  An orc priest (D:9)
  3 hounds
  Crazy Yiuf (D:2)
  3 iguanas
  2 human skeletons (D:6)
  A human zombie (D:6)
  A giant frog skeleton (D:6)
  Natasha (twice) (D:6)
  6 orc wizards
  4 worker ants
  Jessica (D:3)
  2 hound zombies
  A hound skeleton (D:6)
  2 mummies (Ossuary)
  11 adders
  9 gnolls
  A shadow imp (D:6)
  A giant mite (D:8)
  5 worms
  5 adder zombies
  2 adder skeletons
  33 orcs
  A ball python (D:6)
  12 bats
  5 giant cockroaches
  14 hobgoblins
  13 jackals
  15 kobolds
  An ooze (D:1)
  4 quokkas
  7 giant geckos
  A giant gecko skeleton (D:7)
  2 giant gecko zombies
  5 giant newts
  4 gnoll zombies (Ossuary)
  15 goblins
  9 hobgoblin zombies (Ossuary)
  A jackal skeleton (D:4)
  5 kobold zombies (Ossuary)
  3 orc skeletons (D:6)
  6 orc zombies (Ossuary)
  2 quokka skeletons
  11 rats
  A fungus (D:2)
269 creatures vanquished.

Notes
Turn   | Place    | Note
--------------------------------------------------------------
     0 | D:1      | Magnus, the Mummy Fire Elementalist, began the quest for the Orb.
     0 | D:1      | Reached XP level 1. HP: 13/13 MP: 3/3
   689 | D:1      | Reached XP level 2. HP: 19/19 MP: 1/5
  1523 | D:1      | Reached XP level 3. HP: 24/24 MP: 3/6
  1653 | D:1      | Learned a level 3 spell: Conjure Flame
  1869 | D:1      | Reached skill level 3 in Spellcasting
  2249 | D:2      | Found a sacrificial altar of Ru.
  2329 | D:2      | Reached XP level 4. HP: 30/30 MP: 5/9
  2743 | D:2      | Noticed Crazy Yiuf
  2749 | D:2      | Killed Crazy Yiuf
  2866 | D:3      | Noticed Jessica
  3222 | D:3      | Reached XP level 5. HP: 33/35 MP: 5/11
  3294 | D:3      | Learned a level 4 spell: Sticky Flame
  3633 | D:3      | Reached skill level 4 in Spellcasting
  4329 | D:3      | Killed Jessica
  4706 | D:4      | Reached XP level 6. HP: 41/41 MP: 6/15
  5064 | D:4      | Noticed an ogre
  5080 | D:4      | Killed an ogre
  5781 | D:5      | Entered Level 5 of the Dungeon
  5812 | D:5      | Reached skill level 5 in Fire Magic
  5901 | D:5      | Reached skill level 5 in Spellcasting
  5901 | D:5      | Reached XP level 7. HP: 41/46 MP: 10/18
  7169 | D:6      | Noticed Sigmund
  7215 | D:6      | Killed Sigmund
  7533 | D:6      | Found a sand-covered staircase.
  7543 | Ossuary  | Entered an ossuary
  7909 | Ossuary  | Reached skill level 6 in Fire Magic
  8491 | D:6      | Noticed Natasha
  8497 | D:6      | Reached XP level 8. HP: 52/52 MP: 12/21
  8504 | D:6      | Killed Natasha
  9141 | D:6      | Reached skill level 7 in Fire Magic
  9194 | D:6      | Noticed Natasha
  9198 | D:6      | Killed Natasha
  9752 | D:6      | Identified a scroll of acquirement
  9873 | D:7      | Learned a level 5 spell: Fireball
 10312 | D:7      | Reached skill level 8 in Fire Magic
 10481 | D:7      | Found Loosk's Book Shoppe.
 10667 | D:7      | Reached XP level 9. HP: 57/57 MP: 23/23
 10838 | D:7      | Found an opulent altar of Gozag.
 11575 | D:7      | Got a crystal rapier
 11577 | D:7      | Identified the +5 rapier of Nonezxeh {drain, -Cast rElec rF+ Stlth+} (You found it on level 7 of the Dungeon)
 11757 | D:7      | Found a staircase to the Ecumenical Temple.
 11763 | Temple   | Entered the Ecumenical Temple
 11842 | Temple   | Became a worshipper of Sif Muna the Loreminder
 11881 | D:7      | Bought a book of Callings for 330 gold pieces
 11910 | D:7      | Learned a level 3 spell: Call Canine Familiar
 12030 | D:8      | Found an iron altar of Okawaru.
 12091 | D:8      | Noticed Psyche
 12094 | D:8      | Killed Psyche
 12094 | D:8      | Reached skill level 9 in Fire Magic
 12123 | D:8      | Acquired Sif Muna's first power
 12955 | D:8      | Reached skill level 10 in Fire Magic
 13100 | D:9      | Acquired Sif Muna's second power
 13188 | D:9      | Reached XP level 10. HP: 63/63 MP: 26/26
 13532 | D:9      | HP: 3/63 [orc warrior/glaive of flaming (22)]
 13532 | D:9      | Mangled by an orc warrior

Action                   |  1- 3 |  4- 6 |  7- 9 | 10-12 || total
-------------------------+-------+-------+-------+-------++-------
Melee: Unarmed           |    11 |       |       |       ||    11
       Dagger            |     5 |       |       |       ||     5
       Short sword       |     2 |    37 |    91 |       ||   130
       Staff             |       |       |     3 |       ||     3
 Cast: Flame Tongue      |    77 |   185 |   421 |    26 ||   709
       Conjure Flame     |     2 |     8 |    41 |     3 ||    54
       Sticky Flame      |       |       |    22 |     3 ||    25
       Call Canine Famil |       |       |     1 |       ||     1
       Fireball          |       |       |       |     1 ||     1
  Use: Scroll            |       |     5 |     7 |       ||    12
